Map: Orbital Shipyard

Players

Jay - Winner!

  • Race: Zerg Zerg
  • League: Grandmaster

Cudabear

  • Race: Protoss Protoss
  • League: Grandmaster

VOD

https://www.youtube.com/watch?v=zv_3RuZP6WI

Description

Time

  • Played on: July 1, 2015, 6:04 p.m.
  • Length: 8:47
Show
View Real Time Build Order
Export as new Build Order

Jay Zerg - Winner!

Build Orders: Hatch First 

Get SALT Encoding   

  12  0:01  Drone  
  13  0:08  Drone  
  14  0:20  Extractor  
  13  0:21  Drone x2, Extractor  
  16  0:42  Hatchery  
  15  0:48  Overlord  
  15  1:03  Spawning Pool  
  14  1:07  Drone  
  14  1:10  Drone  
  16  1:17  Drone  
  17  1:19  Drone  
  18  1:30  Drone  
  19  1:33  Extractor  
  18  1:50  Hatchery  
  17  1:57  Queen  
  17  2:00  Zergling x2  
  20  2:10  Queen  
  20  2:15  Drone  
  23  2:18  Drone  
  24  2:29  Zergling x4  
  26  2:32  Drone  
  27  2:39  Metabolic Boost  
  27  2:41  Drone  
  28  2:46  Overlord  
  28  3:08  Drone x7  
  34  3:14  Drone x2  
  36  3:24  Pneumatized Carapace  
  36  3:31  Overlord  
  36  3:32  Queen  
  37  3:36  Drone  
  37  3:37  Drone  
  37  3:38  Drone  
  40  3:42  Drone  
  40  3:43  Drone  
  41  3:57  Overlord  
  41  4:00  Drone  
  41  4:01  Drone x4  
  41  4:02  Zergling x4  
  48  4:03  Zergling x2  
  49  4:14  Overlord  
  49  4:15  Overlord  
  49  4:20  Extractor  
  49  4:23  Evolution Chamber  
  47  4:25  Evolution Chamber  
  46  4:33  Drone x3  
  46  4:34  Drone x4  
  46  4:37  Overlord  
  53  4:43  Zergling x4  
  53  4:44  Zergling x4  
  56  4:50  Zergling x2  
  56  4:51  Zergling x10  
  56  4:52  Zergling x2  
  63  4:59  Zergling x6  
  66  5:07  Zergling x12  
  66  5:08  Zergling x2  
  73  5:17  Zerg Ground Armor Level 1, Zerg Melee Weapons Level 1  
  73  5:18  Drone x5  
  75  5:36  Zergling x2  
  75  5:37  Zergling x10  
  74  5:57  Overlord x6  
  74  5:59  Extractor  
  74  6:01  Lair  
  74  6:02  Extractor  
  74  6:03  Hatchery  
  65  6:07  Drone  
  65  6:08  Drone x8  
  73  6:12  Overlord  
  71  6:22  Overlord x2  
  71  6:25  Extractor  
  70  6:26  Extractor  
  70  6:29  Baneling Nest  
  70  6:30  Drone x3  
  70  6:31  Drone x6  
  70  6:32  Zergling x4  
  79  6:44  Zergling x12  
  85  6:52  Spine Crawler, Zergling x4  
  84  7:05  Zergling x10  
  84  7:06  Zergling x2  
  89  7:21  Zergling x4  
  89  7:22  Zergling x14  
  84  7:32  Hydralisk Den  
  84  7:33  Zergling x12  
  84  7:37  Queen  
  84  7:49  Overseer x2  
  79  7:52  Zergling x10  
  77  8:05  Zergling x4  
  77  8:06  Hydralisk x7, Zergling x2  
  77  8:07  Hydralisk  
  94  8:15  Zergling x6  
  94  8:19  Hydralisk x2  
  92  8:28  Zergling x6  
Show
View Real Time Build Order
Export as new Build Order

Cudabear Protoss 

Build Orders: Nexus First 

Get SALT Encoding   

  12  0:01  Probe  
  13  0:15  Pylon  
  13  0:18  Probe  
  14  0:33  Probe (Chrono Boost)  
  16  0:43  Probe (Chrono Boost)  
  16  0:58  Nexus  
  16  1:07  Probe (Chrono Boost)  
  17  1:17  Probe (Chrono Boost)  
  18  1:20  Gateway  
  18  1:27  Assimilator  
  18  1:33  Probe  
  19  1:45  Probe (Chrono Boost)  
  20  1:57  Probe (Chrono Boost)  
  21  2:02  Pylon  
  21  2:07  Cybernetics Core  
  21  2:10  Probe (Chrono Boost)  
  23  2:20  Probe (Chrono Boost)  
  23  2:21  Probe (Chrono Boost), Zealot, Assimilator  
  26  2:26  Probe (Chrono Boost)  
  26  2:27  Probe (Chrono Boost)  
  28  2:38  Probe (Chrono Boost)  
  28  2:41  Probe (Chrono Boost)  
  30  2:48  Warp Gate  
  30  2:50  Probe (Chrono Boost)  
  32  2:57  Mothership Core (Chrono Boost)  
  33  3:02  Stalker  
  35  3:10  Gateway  
  35  3:11  Pylon  
  33  3:13  Probe  
  33  3:14  Probe  
  34  3:26  Probe x2  
  36  3:37  Stalker (Chrono Boost)  
  36  3:38  Probe x2 (Chrono Boost)  
  39  3:45  Gateway  
  39  3:50  Probe x2 (Chrono Boost)  
  41  3:58  Probe x2 (Chrono Boost), Gateway  
  43  4:07  Probe  
  43  4:08  Pylon  
  44  4:15  Gateway x2  
  44  4:19  Gateway  
  44  4:20  Probe x2 (Chrono Boost)  
  46  4:47  Pylon  
  46  4:53  Stalker  
  46  4:54  Stalker x3  
  54  5:23  Stalker x2  
  58  5:30  Zealot x2  
  56  5:53  Stalker x4  
  56  5:54  Stalker x3  
  64  6:08  Pylon  
  64  6:23  Probe (Chrono Boost)  
  66  6:33  Probe (Chrono Boost), Zealot  
  66  6:34  Zealot  
  70  6:40  Probe  
  70  6:48  Zealot x3  
  74  6:58  Zealot  
  76  7:10  Pylon  
  76  7:26  Zealot x3  
  76  7:36  Zealot  
  76  7:37  Zealot x3  
  64  7:57  Zealot x2  
  64  7:58  Zealot x5  
  70  8:31  Zealot x4  
  70  8:32  Zealot x3  
Tags
 
Add a new tag
Caveats
  • Supply blocks, unpowered buildings, or Contaminate may cause inaccurate times.
  • Supply counts are checked every 10 seconds.